Rangers vs Avalanche
(R1)
Created - March 8, 2025 at 22:39
Goals
|
| Rangers |
2 |
0 |
2 |
0 |
4 |
| Avalanche |
3 |
0 |
1 |
1 |
5 |
|
Shots
|
| Rangers |
6 |
6 |
10 |
0 |
22 |
| Avalanche |
10 |
14 |
14 |
1 |
39 |
|
1st period
1. Avalanche , Ryan O'Reilly 9 (Patric Hornqvist 14) at 7:29
2. Avalanche , Jacob Slavin 6 (Kyle Clifford 35, Bryan Little 26) at 12:28
3. Avalanche , Rickard Rakell 24 (Andrei Kuzmenko 30, Jean-Gabriel Pageau 36) at 14:12
4. Rangers , Milan Lucic 32 (Cale Makar 56) at 14:22
5. Rangers , Sean Couturier 13 (Milan Lucic 29, Cale Makar 57) at 17:18 (PP)
Penalties :
Drake Caggiula (Col) for Tripping (Minor) at 2:56, Dmitry Kulikov (NyR) for Hooking (Minor) at 9:19, Jordan Schmaltz (Col) for Tripping (Minor) at 16:45
2nd period
No Goal
Penalties :
Sean Couturier (NyR) for Slashing (Minor) at 0:11, Viktor Arvidsson (NyR) for Cross-checking (Minor) at 3:30, Jordan Schmaltz (Col) for Hooking (Minor) at 5:45, Seth Griffith (NyR) for Cross-checking (Minor) at 8:11, Connor Chatam (NyR) for Kneeing (Minor) at 11:38, Kyle Clifford (Col) for Cross-checking (Minor) at 11:51
3rd period
6. Rangers , Viktor Arvidsson 12 (Tomas Hertl 18) at 4:11
7. Avalanche , Kyle Clifford 21 (Brian Dumoulin 12, Nick Cousins 13) at 7:19
8. Rangers , Sean Couturier 14 (Cale Makar 58) at 15:42 (PP)
Penalties :
Brian Dumoulin (Col) for High sticking (Minor) at 4:33, Devante Smith-Pelly (NyR) for Delaying the game (Minor) at 7:53, Connor Chatam (NyR) for Tripping (Minor) at 11:00, Brian Dumoulin (Col) for Roughing (Minor) at 15:27
Overtime #1
9. Avalanche , Jean-Gabriel Pageau 22 (Jacob Slavin 21) at 0:08
Penalties :
No Penalty
Goalie Stats
Samuel Montembeault (NyR), 34 saves from 39 shots - (0.872), OTL, 17-14-7, 60:08 minutes
Robin Lehner (Col), 18 saves from 22 shots - (0.818), W, 23-18-2, 60:08 minutes
Players Stats for Rangers
Player Name G A P +/- PIM S H SB GA TA FO MP PP MP PK MP
------------------------------------------------------------------------------------
Cale Makar 0 3 3 0 0 2 4 1 1 1 0/0 32:48 4:41 7:38
Casey Mittelstadt 0 0 0 -1 0 1 0 1 0 0 4/11 11:18 0:00 0:57
Connor Chatam 0 0 0 0 4 0 1 0 0 0 2/4 8:17 0:03 2:29
David Pope 0 0 0 0 0 1 1 0 0 0 0/0 8:16 0:07 1:32
Devante Smith-Pelly 0 0 0 0 2 3 2 0 0 0 1/2 17:57 3:52 3:14
Dmitry Kulikov 0 0 0 -1 2 2 0 0 0 1 0/0 18:07 2:17 3:54
Jake McCabe 0 0 0 -1 0 0 1 1 0 1 0/0 31:43 4:41 7:10
Mikhail Sergachev 0 0 0 -1 0 0 1 0 0 0 0/0 19:55 2:17 4:57
Milan Lucic 1 1 2 -2 0 5 0 0 1 0 4/4 24:07 3:48 6:43
Oliver Bjorkstrand 0 0 0 -1 0 0 0 1 1 0 1/1 10:21 0:00 0:00
Ondrej Palat 0 0 0 -1 0 0 2 0 0 0 0/0 11:12 0:07 0:00
Patrik Nemeth 0 0 0 -1 0 0 0 0 0 0 0/0 8:30 0:00 0:00
Ryan Strome 0 0 0 -1 0 0 2 2 1 0 1/1 15:21 3:03 0:00
Sean Couturier 2 0 2 -2 2 4 0 0 0 1 22/45 22:52 3:48 5:21
Seth Griffith 0 0 0 0 2 0 0 0 0 1 3/4 5:51 0:00 0:00
Tomas Hertl 0 1 1 0 0 0 1 2 0 0 8/13 17:52 3:03 3:58
Viktor Arvidsson 1 0 1 0 2 4 0 0 0 0 0/1 12:52 3:03 0:00
Vince Dunn 0 0 0 -1 0 0 0 1 1 1 0/0 9:05 0:00 0:35
Players Stats for Avalanche
Player Name G A P +/- PIM S H SB GA TA FO MP PP MP PK MP
------------------------------------------------------------------------------------
Andrei Kuzmenko 0 1 1 0 0 7 0 0 2 1 0/1 17:41 6:07 0:00
Anthony Duclair 0 0 0 1 0 1 0 0 0 0 0/1 11:50 0:00 0:06
Brian Dumoulin 0 1 1 1 4 0 3 1 1 0 0/0 22:38 6:19 2:30
Bryan Little 0 1 1 1 0 3 1 0 0 0 9/14 17:09 6:07 0:00
David Rundblad 0 0 0 1 0 0 1 2 0 2 0/0 20:35 6:19 0:12
Drake Caggiula 0 0 0 0 2 0 0 1 0 0 1/5 6:39 0:00 0:13
Jack Johnson 0 0 0 0 0 0 1 0 0 1 0/0 24:12 5:48 3:19
Jacob Slavin 1 1 2 1 0 8 1 2 0 0 0/0 25:27 5:48 3:32
Jean-Gabriel Pageau 1 1 2 1 0 2 4 0 0 0 20/43 21:46 6:00 3:28
Jordan Schmaltz 0 0 0 1 4 2 0 2 0 1 0/0 11:15 0:00 0:44
Joseph Blandisi 0 0 0 0 0 0 0 0 0 0 0/1 5:32 0:00 0:00
Kyle Clifford 1 1 2 2 2 2 1 0 2 0 2/2 20:20 5:59 3:15
Nick Cousins 0 1 1 1 0 2 3 0 0 0 0/0 17:09 6:07 0:00
Patric Hornqvist 0 1 1 1 0 2 0 0 1 0 0/0 15:06 0:00 3:17
Rickard Rakell 1 0 1 0 0 6 4 1 0 0 0/0 17:06 6:00 0:13
Ryan Hartman 0 0 0 0 0 1 0 0 0 0 0/0 5:21 0:00 0:00
Ryan O'Reilly 1 0 1 1 0 2 1 0 0 0 8/19 15:46 0:00 3:24
Vladislav Gavrikov 0 0 0 1 0 1 3 0 0 0 0/0 16:02 0:00 3:39
3 Stars
1 - Jean-Gabriel Pageau (Col)
2 - Jacob Slavin (Col)
3 - Cale Makar (NyR)
Power Play
Rangers - 2 on 6 Attempt(s) - 33.33%
Avalanche - 0 on 7 Attempt(s) - 0.00%
Penalty Kill
Rangers - 7 on 7 Attempt(s) - 100.00%
- Score 0 goal in Penalty Kill
Avalanche - 4 on 6 Attempt(s) - 66.67%
- Score 0 goal in Penalty Kill
Team Stat
Rangers - Hits : 15 - Faceoff Wins : 46 - Blocked Shots : 9 - Penalty Minutes : 14
Avalanche - Hits : 23 - Faceoff Wins : 40 - Blocked Shots : 9 - Penalty Minutes : 12
Official
Referees : Francois St. Laurent and TJ Luxmore
Linesman : Kyle Flemington and Scott Cherrey
Game Notes
No Game Note
Finance
Level 1 -- Attendance: 6000 (100.00%) -- Ticket Income $600,000
Level 2 -- Attendance: 4832 (96.64%) -- Ticket Income $338,240
Level 3 -- Attendance: 2000 (100.00%) -- Ticket Income $80,000
Level 4 -- Attendance: 3865 (96.63%) -- Ticket Income $115,950
Luxury Box -- Attendance: 877 (87.70%) -- Ticket Income $175,400
Game was played at the Pepsi Center.
Total Attendance: 17574 (97.63%)
Total Ticket Income: $1,309,590
Other Income: $196,438
Total Income: $1,506,028
Rangers
5 vs 5 Forward
Center Left Wing Right Wing Time % Phy DF OF
1 Sean Couturier Milan Lucic Ryan Strome 40 1 2 2
2 Tomas Hertl Viktor Arvidsson Devante Smith-Pelly 30 1 2 2
3 Casey Mittelstadt Ondrej Palat Oliver Bjorkstrand 20 1 2 2
4 Seth Griffith David Pope Connor Chatam 10 1 2 2
5 vs 5 Defense
Defense Defense Time % Phy DF OF
1 Jake McCabe Cale Makar 40 1 2 2
2 Dmitry Kulikov Mikhail Sergachev 30 1 2 2
3 Patrik Nemeth Vince Dunn 20 1 2 2
4 Jake McCabe Cale Makar 10 1 2 2
PowerPlay Forward
Center Left Wing Right Wing Time % Phy DF OF
1 Sean Couturier Milan Lucic Devante Smith-Pelly 60 1 2 2
2 Tomas Hertl Viktor Arvidsson Ryan Strome 40 1 2 2
PowerPlay Defense
Defense Defense Time % Phy DF OF
1 Jake McCabe Cale Makar 60 1 2 2
2 Dmitry Kulikov Mikhail Sergachev 40 1 2 2
Penalty Kill 4 Players Forward
Center Wing Time % Phy DF OF
1 Sean Couturier Milan Lucic 60 1 2 2
2 Tomas Hertl Devante Smith-Pelly 40 1 2 2
Penalty Kill 4 Players Defense
Defense Defense Time % Phy DF OF
1 Jake McCabe Cale Makar 60 1 2 2
2 Dmitry Kulikov Mikhail Sergachev 40 1 2 2
Penalty Kill - 3 Players Forward
Forward Time % Phy DF OF
1 Sean Couturier 60 1 2 2
2 Milan Lucic 40 1 2 2
Penalty Kill - 3 Players Defense
Defense Defense Time % Phy DF OF
1 Jake McCabe Cale Makar 60 1 2 2
2 Dmitry Kulikov Mikhail Sergachev 40 1 2 2
4 vs 4 Forward
Center Wing Time % Phy DF OF
1 Sean Couturier Milan Lucic 60 1 2 2
2 Tomas Hertl Devante Smith-Pelly 40 1 2 2
4 vs 4 Defense
Defense Defense Time % Phy DF OF
1 Jake McCabe Cale Makar 60 1 2 2
2 Dmitry Kulikov Mikhail Sergachev 40 1 2 2
Last Minutes Offensive
Center Left Wing Right Wing Defense Defense
Sean Couturier Milan Lucic Devante Smith-Pelly Jake McCabe Cale Makar
Last Minutes Defensive
Center Left Wing Right Wing Defense Defense
Sean Couturier Milan Lucic Devante Smith-Pelly Jake McCabe Cale Makar
Goaltenders
Starting : Samuel Montembeault
Backup : Eric Comrie
Extra Forwards
Normal : Tomas Hertl, David Pope, Milan Lucic - PP : Tomas Hertl, David Pope - PK : Connor Chatam
Extra Defensemen
Normal : Mikhail Sergachev, Vince Dunn, Dmitry Kulikov - PP : Mikhail Sergachev - PK : Vince Dunn, Dmitry Kulikov
Penalty Shots
Sean Couturier, Milan Lucic, Tomas Hertl, Devante Smith-Pelly, Ryan Strome
Custom OT Lines Forwards
Sean Couturier, Milan Lucic, Tomas Hertl, Devante Smith-Pelly, Ryan Strome, Ondrej Palat, Casey Mittelstadt, David Pope, Connor Chatam, Viktor Arvidsson
Custom OT Lines Defensemen
Jake McCabe, Cale Makar, Dmitry Kulikov, Mikhail Sergachev, Vince Dunn
Scratches
Henrik Samuelsson (Left Ankle Injury), Stefan Noesen (Healthy), Steven Santini (Healthy)
Avalanche
5 vs 5 Forward
Center Left Wing Right Wing Time % Phy DF OF
1 Jean-Gabriel Pageau Andrei Kuzmenko Rickard Rakell 31 1 2 2
2 Bryan Little Kyle Clifford Nick Cousins 31 1 2 2
3 Ryan O'Reilly Anthony Duclair Patric Hornqvist 27 1 2 2
4 Drake Caggiula Joseph Blandisi Ryan Hartman 11 1 2 2
5 vs 5 Defense
Defense Defense Time % Phy DF OF
1 Jacob Slavin Jack Johnson 35 1 2 2
2 Brian Dumoulin David Rundblad 33 1 2 2
3 Vladislav Gavrikov Jordan Schmaltz 28 1 2 2
4 Vladislav Gavrikov Jordan Schmaltz 4 1 2 2
PowerPlay Forward
Center Left Wing Right Wing Time % Phy DF OF
1 Jean-Gabriel Pageau Kyle Clifford Rickard Rakell 50 0 1 4
2 Bryan Little Andrei Kuzmenko Nick Cousins 50 0 1 4
PowerPlay Defense
Defense Defense Time % Phy DF OF
1 Jacob Slavin Jack Johnson 50 0 2 3
2 Brian Dumoulin David Rundblad 50 0 2 3
Penalty Kill 4 Players Forward
Center Wing Time % Phy DF OF
1 Jean-Gabriel Pageau Kyle Clifford 50 1 3 1
2 Ryan O'Reilly Patric Hornqvist 50 1 3 1
Penalty Kill 4 Players Defense
Defense Defense Time % Phy DF OF
1 Jacob Slavin Jack Johnson 50 1 3 1
2 Brian Dumoulin Vladislav Gavrikov 50 1 3 1
Penalty Kill - 3 Players Forward
Forward Time % Phy DF OF
1 Kyle Clifford 55 1 4 0
2 Jean-Gabriel Pageau 45 1 4 0
Penalty Kill - 3 Players Defense
Defense Defense Time % Phy DF OF
1 Jacob Slavin Jack Johnson 50 1 4 0
2 Brian Dumoulin Vladislav Gavrikov 50 1 4 0
4 vs 4 Forward
Center Wing Time % Phy DF OF
1 Jean-Gabriel Pageau Kyle Clifford 50 1 2 2
2 Ryan O'Reilly Andrei Kuzmenko 50 1 2 2
4 vs 4 Defense
Defense Defense Time % Phy DF OF
1 Jacob Slavin Vladislav Gavrikov 55 1 2 2
2 Jack Johnson David Rundblad 45 1 2 2
Last Minutes Offensive
Center Left Wing Right Wing Defense Defense
Jean-Gabriel Pageau Anthony Duclair Patric Hornqvist Jacob Slavin Brian Dumoulin
Last Minutes Defensive
Center Left Wing Right Wing Defense Defense
Jean-Gabriel Pageau Kyle Clifford Rickard Rakell Jacob Slavin Jack Johnson
Goaltenders
Starting : Robin Lehner
Backup : Semyon Varlamov
Extra Forwards
Normal : Drake Caggiula, Joseph Blandisi, Ryan Hartman - PP : Anthony Duclair, Ryan O'Reilly - PK : Rickard Rakell
Extra Defensemen
Normal : Vladislav Gavrikov, Jordan Schmaltz, David Rundblad - PP : Vladislav Gavrikov - PK : Jordan Schmaltz, David Rundblad
Penalty Shots
Andrei Kuzmenko, Anthony Duclair, Bryan Little, Patric Hornqvist, Kyle Clifford
Custom OT Lines Forwards
Kyle Clifford, Jean-Gabriel Pageau, Bryan Little, Patric Hornqvist, Rickard Rakell, Ryan O'Reilly, Andrei Kuzmenko, Nick Cousins, Ryan Hartman, Anthony Duclair
Custom OT Lines Defensemen
Jacob Slavin, Brian Dumoulin, Jack Johnson, David Rundblad, Jordan Schmaltz
Scratches
Jarred Tinordi (Healthy), Luke Witkowski (Healthy), Stefan Elliott (Healthy)
% Time on Ice - Rangers
Lines # - Real PCT - Wanted PCT - Time Play
Normal Forward
1 - 33% - 40% - 12:52
2 - 27% - 30% - 10:26
3 - 26% - 20% - 10:21
4 - 14% - 10% - 5:30
Normal Defense
1 - 44% - 40% - 17:03
2 - 31% - 30% - 12:07
3 - 22% - 20% - 8:30
4 - 4% - 10% - 1:29
PP Forward
1 - 56% - 60% - 3:55
2 - 44% - 40% - 3:03
PP Defense
1 - 67% - 60% - 4:41
2 - 33% - 40% - 2:17
PK Forward
1 - 67% - 60% - 8:09
2 - 33% - 40% - 3:58
PK Defense
1 - 59% - 60% - 7:10
2 - 41% - 40% - 4:57
PK3 Forward
1 - 0% - 60%
2 - 0% - 40%
PK3 Defense
1 - 0% - 60%
2 - 0% - 40%
44 Forward
1 - 76% - 60% - 1:21
2 - 24% - 40% - 0:25
44 Defense
1 - 68% - 60% - 1:12
2 - 32% - 40% - 0:34
Last Minute Offensive - 0:00
Last Minute Defensive - 0:00
Total
Forward - 60:00
Defense - 60:00
|
% Time on Ice - Avalanche
Lines # - Real PCT - Wanted PCT - Time Play
Normal Forward
1 - 28% - 31% - 10:57
2 - 28% - 31% - 11:07
3 - 30% - 27% - 11:44
4 - 14% - 11% - 5:21
Normal Defense
1 - 38% - 35% - 14:50
2 - 35% - 33% - 13:51
3 - 27% - 28% - 10:28
4 - 0% - 4% - 0:00
PP Forward
1 - 50% - 50% - 6:00
2 - 50% - 50% - 6:07
PP Defense
1 - 48% - 50% - 5:48
2 - 52% - 50% - 6:19
PK Forward
1 - 50% - 50% - 3:28
2 - 50% - 50% - 3:30
PK Defense
1 - 51% - 50% - 3:32
2 - 49% - 50% - 3:26
PK3 Forward
1 - 0% - 55%
2 - 0% - 45%
PK3 Defense
1 - 0% - 50%
2 - 0% - 50%
44 Forward
1 - 69% - 50% - 1:13
2 - 31% - 50% - 0:33
44 Defense
1 - 65% - 55% - 1:09
2 - 35% - 45% - 0:37
Last Minute Offensive - 0:00
Last Minute Defensive - 0:00
Total
Forward - 60:00
Defense - 60:00
|
Play-by-Play
1st period
0:01 of 1st period - Jean-Gabriel Pageau wins face-off versus Sean Couturier in neutral zone.
0:03 of 1st period - Off-side.
0:04 of 1st period - Jean-Gabriel Pageau wins face-off versus Sean Couturier in neutral zone.
0:42 of 1st period - Snap shot by Bryan Little.
0:42 of 1st period - Stopped by Samuel Montembeault without a rebound.
0:43 of 1st period - Ryan O'Reilly wins face-off versus Casey Mittelstadt in Rangers zone.
1:10 of 1st period - Ryan Hartman is hit by Devante Smith-Pelly and loses puck.
2:11 of 1st period - Jack Johnson is hit by Connor Chatam and loses puck.
2:36 of 1st period - Viktor Arvidsson is hit by Kyle Clifford and loses puck.
2:56 of 1st period - Minor Penalty to Drake Caggiula for Tripping.
2:57 of 1st period - Sean Couturier wins face-off versus Jean-Gabriel Pageau in Avalanche zone.
3:56 of 1st period - Patric Hornqvist is hit by Ryan Strome and loses puck.
4:56 of 1st period - Penalty to Drake Caggiula is over, Drake Caggiula is back on ice.
5:23 of 1st period - Wrist shot by Dmitry Kulikov.
5:23 of 1st period - Stopped by Robin Lehner without a rebound.
5:24 of 1st period - Seth Griffith wins face-off versus Bryan Little in Avalanche zone.
6:03 of 1st period - Wrist shot by Andrei Kuzmenko.
6:03 of 1st period - Shot Misses the Net.
6:25 of 1st period - Off-side.
6:26 of 1st period - Ryan O'Reilly wins face-off versus Devante Smith-Pelly in neutral zone.
6:44 of 1st period - Off-side.
6:45 of 1st period - Bryan Little wins face-off versus Sean Couturier in neutral zone.
6:54 of 1st period - Snap shot by Kyle Clifford.
6:54 of 1st period - Shot Misses the Net.
6:56 of 1st period - Snap shot by Kyle Clifford.
6:56 of 1st period - Stopped by Samuel Montembeault without a rebound.
6:57 of 1st period - Jean-Gabriel Pageau wins face-off versus Sean Couturier in Rangers zone.
7:24 of 1st period - Jake McCabe is hit by Vladislav Gavrikov and loses puck.
7:29 of 1st period - Wrist shot by Ryan O'Reilly.
7:29 of 1st period - Goal by Ryan O'Reilly - Rangers : 0 - Avalanche : 1.
7:30 of 1st period - Bryan Little wins face-off versus Viktor Arvidsson in neutral zone.
7:39 of 1st period - Off-side.
7:40 of 1st period - Tomas Hertl wins face-off versus Bryan Little in neutral zone.
7:43 of 1st period - Snap shot by Tomas Hertl.
7:43 of 1st period - Shot Blocked by David Rundblad.
8:37 of 1st period - Off-side.
8:38 of 1st period - Jean-Gabriel Pageau wins face-off versus Sean Couturier in neutral zone.
8:53 of 1st period - Wrist shot by Rickard Rakell.
8:53 of 1st period - Shot Misses the Net.
8:55 of 1st period - Wrist shot by Jean-Gabriel Pageau.
8:55 of 1st period - Deflect By Andrei Kuzmenko.
8:55 of 1st period - Shot Blocked by Ryan Strome.
8:55 of 1st period - Puck is out of play.
8:56 of 1st period - Ryan O'Reilly wins face-off versus Casey Mittelstadt in Rangers zone.
9:19 of 1st period - Minor Penalty to Dmitry Kulikov for Hooking.
9:20 of 1st period - Sean Couturier wins face-off versus Jean-Gabriel Pageau in Rangers zone.
9:28 of 1st period - Off-side.
9:29 of 1st period - Sean Couturier wins face-off versus Jean-Gabriel Pageau in neutral zone.
9:53 of 1st period - Wrist shot by Rickard Rakell.
9:53 of 1st period - Stopped by Samuel Montembeault without a rebound.
9:54 of 1st period - Bryan Little wins face-off versus Sean Couturier in Rangers zone.
10:49 of 1st period - Slapshot by Jake McCabe.
10:49 of 1st period - Deflect By Devante Smith-Pelly.
10:49 of 1st period - Stopped by Robin Lehner with a rebound.
10:51 of 1st period - Slapshot by Jake McCabe.
10:51 of 1st period - Shot Misses the Net.
11:19 of 1st period - Penalty to Dmitry Kulikov is over, Dmitry Kulikov is back on ice.
11:31 of 1st period - Slapshot by Mikhail Sergachev.
11:31 of 1st period - Shot Hit the Post.
11:39 of 1st period - Oliver Bjorkstrand is hit by Brian Dumoulin and loses puck.
12:10 of 1st period - Devante Smith-Pelly is hit by Rickard Rakell and loses puck.
12:20 of 1st period - Off-side.
12:21 of 1st period - Bryan Little wins face-off versus Sean Couturier in neutral zone.
12:24 of 1st period - Slapshot by Jacob Slavin.
12:24 of 1st period - Shot Blocked by Ryan Strome.
12:26 of 1st period - Snap shot by Kyle Clifford.
12:26 of 1st period - Shot Misses the Net.
12:28 of 1st period - Slapshot by Jacob Slavin.
12:28 of 1st period - Goal by Jacob Slavin - Rangers : 0 - Avalanche : 2.
12:29 of 1st period - Sean Couturier wins face-off versus Jean-Gabriel Pageau in neutral zone.
12:42 of 1st period - Sean Couturier is hit by Rickard Rakell and loses puck.
13:01 of 1st period - Snap shot by Tomas Hertl.
13:01 of 1st period - Deflect By Viktor Arvidsson.
13:01 of 1st period - Shot Blocked by Jacob Slavin.
13:01 of 1st period - Puck is out of play.
13:02 of 1st period - Bryan Little wins face-off versus Tomas Hertl in Avalanche zone.
13:29 of 1st period - Jake McCabe is hit by Jean-Gabriel Pageau and loses puck.
13:58 of 1st period - Icing by Patric Hornqvist.
13:59 of 1st period - Tomas Hertl wins face-off versus Ryan O'Reilly in Avalanche zone.
14:00 of 1st period - Wrist shot by Viktor Arvidsson.
14:00 of 1st period - Stopped by Robin Lehner without a rebound.
14:01 of 1st period - Devante Smith-Pelly wins face-off versus Jean-Gabriel Pageau in Avalanche zone.
14:10 of 1st period - Wrist shot by Andrei Kuzmenko.
14:10 of 1st period - Shot Hit the Post.
14:12 of 1st period - Snap shot by Rickard Rakell.
14:12 of 1st period - Goal by Rickard Rakell - Rangers : 0 - Avalanche : 3.
14:13 of 1st period - Milan Lucic wins face-off versus Jean-Gabriel Pageau in neutral zone.
14:22 of 1st period - Snap shot by Milan Lucic.
14:22 of 1st period - Goal by Milan Lucic - Rangers : 1 - Avalanche : 3.
14:23 of 1st period - Bryan Little wins face-off versus Sean Couturier in neutral zone.
14:53 of 1st period - Off-side.
14:54 of 1st period - Jean-Gabriel Pageau wins face-off versus Casey Mittelstadt in neutral zone.
15:24 of 1st period - Slapshot by Cale Makar.
15:24 of 1st period - Deflect By Sean Couturier.
15:24 of 1st period - Shot Misses the Net.
15:24 of 1st period - Puck is out of play.
15:25 of 1st period - Sean Couturier wins face-off versus Ryan O'Reilly in Avalanche zone.
15:26 of 1st period - Wrist shot by Milan Lucic.
15:26 of 1st period - Shot Misses the Net.
15:52 of 1st period - Cale Makar is hit by Jean-Gabriel Pageau and loses puck.
16:38 of 1st period - Off-side.
16:39 of 1st period - Connor Chatam wins face-off versus Drake Caggiula in neutral zone.
16:45 of 1st period - Minor Penalty to Jordan Schmaltz for Tripping.
16:46 of 1st period - Milan Lucic wins face-off versus Ryan O'Reilly in Avalanche zone.
16:54 of 1st period - Slapshot by Jacob Slavin.
16:54 of 1st period - Stopped by Samuel Montembeault with a rebound.
16:56 of 1st period - Slapshot by Jacob Slavin.
16:56 of 1st period - Shot Misses the Net.
16:58 of 1st period - Slapshot by Jacob Slavin.
16:58 of 1st period - Stopped by Samuel Montembeault without a rebound.
16:59 of 1st period - Sean Couturier wins face-off versus Jean-Gabriel Pageau in Rangers zone.
17:06 of 1st period - Snap shot by Milan Lucic.
17:06 of 1st period - Stopped by Robin Lehner without a rebound.
17:07 of 1st period - Kyle Clifford wins face-off versus Sean Couturier in Avalanche zone.
17:18 of 1st period - Slapshot by Sean Couturier.
17:18 of 1st period - Goal by Sean Couturier - Rangers : 2 - Avalanche : 3.
17:19 of 1st period - Sean Couturier wins face-off versus Ryan O'Reilly in neutral zone.
18:07 of 1st period - Snap shot by Anthony Duclair.
18:07 of 1st period - Stopped by Samuel Montembeault without a rebound.
18:08 of 1st period - Sean Couturier wins face-off versus Jean-Gabriel Pageau in Rangers zone.
18:08 of 1st period - Ryan Strome is hit by Jean-Gabriel Pageau.
18:09 of 1st period - Icing by Ryan Strome.
18:10 of 1st period - Jean-Gabriel Pageau wins face-off versus Sean Couturier in Rangers zone.
18:11 of 1st period - Wrist shot by Andrei Kuzmenko.
18:11 of 1st period - Stopped by Samuel Montembeault with a rebound.
18:56 of 1st period - Kyle Clifford is hit by Ondrej Palat and loses puck.
19:03 of 1st period - Jake McCabe is hit by Bryan Little and loses puck.
19:18 of 1st period - Snap shot by Nick Cousins.
19:18 of 1st period - Shot Misses the Net.
19:50 of 1st period - Slapshot by Bryan Little.
19:50 of 1st period - Shot Blocked by Jake McCabe.
Goals for this period are 2 for Rangers vs 3 for Avalanche.
Shots for this period are 6 for Rangers vs 10 for Avalanche.
2nd period
0:01 of 2nd period - Jean-Gabriel Pageau wins face-off versus Sean Couturier in neutral zone.
0:11 of 2nd period - Minor Penalty to Sean Couturier for Slashing.
0:12 of 2nd period - Bryan Little wins face-off versus Connor Chatam in Rangers zone.
0:21 of 2nd period - Snap shot by Bryan Little.
0:21 of 2nd period - Deflect By Andrei Kuzmenko.
0:21 of 2nd period - Shot Hit the Post.
0:21 of 2nd period - Puck is out of play.
0:22 of 2nd period - Bryan Little wins face-off versus Connor Chatam in Rangers zone.
0:35 of 2nd period - Slapshot by Andrei Kuzmenko.
0:35 of 2nd period - Stopped by Samuel Montembeault with a rebound.
0:41 of 2nd period - Snap shot by Bryan Little.
0:41 of 2nd period - Deflect By Andrei Kuzmenko.
0:41 of 2nd period - Stopped by Samuel Montembeault with a rebound.
0:45 of 2nd period - Snap shot by Andrei Kuzmenko.
0:45 of 2nd period - Shot Misses the Net.
1:31 of 2nd period - Snap shot by Nick Cousins.
1:31 of 2nd period - Stopped by Samuel Montembeault with a rebound.
1:33 of 2nd period - Snap shot by Bryan Little.
1:33 of 2nd period - Stopped by Samuel Montembeault without a rebound.
1:34 of 2nd period - Tomas Hertl wins face-off versus Jean-Gabriel Pageau in Rangers zone.
2:11 of 2nd period - Penalty to Sean Couturier is over, Sean Couturier is back on ice.
2:18 of 2nd period - Off-side.
2:19 of 2nd period - Casey Mittelstadt wins face-off versus Anthony Duclair in neutral zone.
2:24 of 2nd period - Slapshot by Vince Dunn.
2:24 of 2nd period - Deflect By Casey Mittelstadt.
2:24 of 2nd period - Shot Blocked by Jordan Schmaltz.
2:24 of 2nd period - Puck is out of play.
2:25 of 2nd period - Casey Mittelstadt wins face-off versus Ryan O'Reilly in Avalanche zone.
3:15 of 2nd period - Viktor Arvidsson is hit by Nick Cousins.
3:21 of 2nd period - Tomas Hertl is hit by Nick Cousins and loses puck.
3:30 of 2nd period - Minor Penalty to Viktor Arvidsson for Cross-checking.
3:31 of 2nd period - Sean Couturier wins face-off versus Jean-Gabriel Pageau in Rangers zone.
3:58 of 2nd period - Snap shot by Andrei Kuzmenko.
3:58 of 2nd period - Shot Misses the Net.
4:00 of 2nd period - Slapshot by Bryan Little.
4:00 of 2nd period - Stopped by Samuel Montembeault without a rebound.
4:01 of 2nd period - Tomas Hertl wins face-off versus Andrei Kuzmenko in Rangers zone.
4:33 of 2nd period - Wrist shot by Andrei Kuzmenko.
4:33 of 2nd period - Stopped by Samuel Montembeault with a rebound.
4:51 of 2nd period - Milan Lucic is hit by Brian Dumoulin and loses puck.
4:58 of 2nd period - Wrist shot by Jean-Gabriel Pageau.
4:58 of 2nd period - Stopped by Samuel Montembeault without a rebound.
4:59 of 2nd period - Tomas Hertl wins face-off versus Jean-Gabriel Pageau in Rangers zone.
4:59 of 2nd period - Tomas Hertl is hit by Rickard Rakell.
5:30 of 2nd period - Penalty to Viktor Arvidsson is over, Viktor Arvidsson is back on ice.
5:45 of 2nd period - Minor Penalty to Jordan Schmaltz for Hooking.
5:46 of 2nd period - Tomas Hertl wins face-off versus Jean-Gabriel Pageau in Avalanche zone.
5:47 of 2nd period - Wrist shot by Viktor Arvidsson.
5:47 of 2nd period - Stopped by Robin Lehner without a rebound.
5:48 of 2nd period - Jean-Gabriel Pageau wins face-off versus Tomas Hertl in Avalanche zone.
7:44 of 2nd period - Ryan O'Reilly is hit by Cale Makar and loses puck.
7:45 of 2nd period - Penalty to Jordan Schmaltz is over, Jordan Schmaltz is back on ice.
8:11 of 2nd period - Minor Penalty to Seth Griffith for Cross-checking.
8:12 of 2nd period - Jean-Gabriel Pageau wins face-off versus Sean Couturier in Rangers zone.
8:29 of 2nd period - Slapshot by Rickard Rakell.
8:29 of 2nd period - Stopped by Samuel Montembeault with a rebound.
8:50 of 2nd period - Brian Dumoulin is hit by Cale Makar and loses puck.
9:54 of 2nd period - Jean-Gabriel Pageau is hit by Devante Smith-Pelly and loses puck.
10:11 of 2nd period - Penalty to Seth Griffith is over, Seth Griffith is back on ice.
10:26 of 2nd period - Snap shot by Anthony Duclair.
10:26 of 2nd period - Shot Blocked by Tomas Hertl.
10:28 of 2nd period - Slapshot by Jordan Schmaltz.
10:28 of 2nd period - Stopped by Samuel Montembeault with a rebound.
10:38 of 2nd period - Snap shot by Casey Mittelstadt.
10:38 of 2nd period - Stopped by Robin Lehner with a rebound.
10:46 of 2nd period - Slapshot by Vladislav Gavrikov.
10:46 of 2nd period - Shot Misses the Net.
10:48 of 2nd period - Backhand shot by Ryan Hartman.
10:48 of 2nd period - Stopped by Samuel Montembeault without a rebound.
10:49 of 2nd period - Sean Couturier wins face-off versus Ryan O'Reilly in Rangers zone.
10:58 of 2nd period - Snap shot by Patric Hornqvist.
10:58 of 2nd period - Shot Misses the Net.
11:00 of 2nd period - Snap shot by Ryan O'Reilly.
11:00 of 2nd period - Shot Misses the Net.
11:02 of 2nd period - Slapshot by Jacob Slavin.
11:02 of 2nd period - Stopped by Samuel Montembeault without a rebound.
11:03 of 2nd period - Sean Couturier wins face-off versus Jean-Gabriel Pageau in Rangers zone.
11:03 of 2nd period - Sean Couturier is hit by David Rundblad.
11:19 of 2nd period - Snap shot by Rickard Rakell.
11:19 of 2nd period - Stopped by Samuel Montembeault with a rebound.
11:29 of 2nd period - Brian Dumoulin is hit by Jake McCabe.
11:38 of 2nd period - Minor Penalty to Connor Chatam for Kneeing.
11:39 of 2nd period - Jean-Gabriel Pageau wins face-off versus Sean Couturier in Rangers zone.
11:45 of 2nd period - Slapshot by Rickard Rakell.
11:45 of 2nd period - Stopped by Samuel Montembeault without a rebound.
11:46 of 2nd period - Sean Couturier wins face-off versus Jean-Gabriel Pageau in Rangers zone.
11:51 of 2nd period - Minor Penalty to Kyle Clifford for Cross-checking.
11:52 of 2nd period - Jean-Gabriel Pageau wins face-off versus Sean Couturier in Avalanche zone.
11:59 of 2nd period - Icing by Jake McCabe.
12:00 of 2nd period - Sean Couturier wins face-off versus Jean-Gabriel Pageau in Rangers zone.
12:10 of 2nd period - Cale Makar is hit by Vladislav Gavrikov and loses puck.
12:25 of 2nd period - Jake McCabe is hit by Ryan O'Reilly and loses puck.
13:32 of 2nd period - Cale Makar is hit by Vladislav Gavrikov.
13:38 of 2nd period - Penalty to Connor Chatam is over, Connor Chatam is back on ice.
13:46 of 2nd period - Slapshot by Tomas Hertl.
13:46 of 2nd period - Shot Blocked by Jacob Slavin.
13:48 of 2nd period - Slapshot by Mikhail Sergachev.
13:48 of 2nd period - Shot Misses the Net.
13:50 of 2nd period - Backhand shot by Ryan Strome.
13:50 of 2nd period - Shot Misses the Net.
13:51 of 2nd period - Penalty to Kyle Clifford is over, Kyle Clifford is back on ice.
14:00 of 2nd period - Connor Chatam is hit by Nick Cousins and loses puck.
14:41 of 2nd period - Wrist shot by Milan Lucic.
14:41 of 2nd period - Shot Misses the Net.
14:43 of 2nd period - Slapshot by Ryan Strome.
14:43 of 2nd period - Shot Misses the Net.
15:37 of 2nd period - Wrist shot by Sean Couturier.
15:37 of 2nd period - Stopped by Robin Lehner without a rebound.
15:38 of 2nd period - Ryan Strome wins face-off versus Ryan O'Reilly in Avalanche zone.
16:03 of 2nd period - Cale Makar is hit by Jean-Gabriel Pageau and loses puck.
16:43 of 2nd period - Snap shot by Bryan Little.
16:43 of 2nd period - Shot Misses the Net.
17:03 of 2nd period - Wrist shot by Milan Lucic.
17:03 of 2nd period - Shot Misses the Net.
17:29 of 2nd period - Snap shot by Jean-Gabriel Pageau.
17:29 of 2nd period - Shot Misses the Net.
17:45 of 2nd period - Snap shot by Andrei Kuzmenko.
17:45 of 2nd period - Shot Blocked by Casey Mittelstadt.
17:47 of 2nd period - Snap shot by Jacob Slavin.
17:47 of 2nd period - Stopped by Samuel Montembeault without a rebound.
17:48 of 2nd period - Drake Caggiula wins face-off versus Sean Couturier in Rangers zone.
17:53 of 2nd period - Slapshot by Joseph Blandisi.
17:53 of 2nd period - Shot Misses the Net.
18:22 of 2nd period - Off-side.
18:23 of 2nd period - Jean-Gabriel Pageau wins face-off versus Sean Couturier in neutral zone.
18:38 of 2nd period - Slapshot by Mikhail Sergachev.
18:38 of 2nd period - Shot Blocked by Jordan Schmaltz.
18:48 of 2nd period - Kyle Clifford is hit by Tomas Hertl and loses puck.
19:17 of 2nd period - Wrist shot by Dmitry Kulikov.
19:17 of 2nd period - Shot Misses the Net.
19:19 of 2nd period - Slapshot by Dmitry Kulikov.
19:19 of 2nd period - Shot Misses the Net.
19:29 of 2nd period - Snap shot by Cale Makar.
19:29 of 2nd period - Shot Misses the Net.
19:35 of 2nd period - Backhand shot by David Pope.
19:35 of 2nd period - Shot Misses the Net.
19:37 of 2nd period - Slapshot by David Pope.
19:37 of 2nd period - Deflect By Ryan O'Reilly.
19:37 of 2nd period - Shot Misses the Net.
19:37 of 2nd period - Puck is out of play.
19:38 of 2nd period - Sean Couturier wins face-off versus Jean-Gabriel Pageau in Avalanche zone.
19:41 of 2nd period - Snap shot by Milan Lucic.
19:41 of 2nd period - Stopped by Robin Lehner with a rebound.
19:43 of 2nd period - Slapshot by Jake McCabe.
19:43 of 2nd period - Shot Blocked by Rickard Rakell.
19:45 of 2nd period - Wrist shot by Sean Couturier.
19:45 of 2nd period - Shot Misses the Net.
19:47 of 2nd period - Slapshot by Cale Makar.
19:47 of 2nd period - Stopped by Robin Lehner with a rebound.
19:49 of 2nd period - Wrist shot by Cale Makar.
19:49 of 2nd period - Deflect By Milan Lucic.
19:49 of 2nd period - Stopped by Robin Lehner with a rebound.
19:51 of 2nd period - Slapshot by Jake McCabe.
19:51 of 2nd period - Deflect By Sean Couturier.
19:51 of 2nd period - Shot Misses the Net.
19:51 of 2nd period - Puck is out of play.
19:52 of 2nd period - Jean-Gabriel Pageau wins face-off versus Sean Couturier in Avalanche zone.
Goals for this period are 0 for Rangers vs 0 for Avalanche.
Shots for this period are 6 for Rangers vs 14 for Avalanche.
3rd period
0:01 of 3rd period - Milan Lucic wins face-off versus Jean-Gabriel Pageau in neutral zone.
0:30 of 3rd period - Jacob Slavin is hit by Cale Makar and loses puck.
0:53 of 3rd period - Snap shot by Anthony Duclair.
0:53 of 3rd period - Shot Misses the Net.
1:10 of 3rd period - Icing by David Pope.
1:11 of 3rd period - Connor Chatam wins face-off versus Drake Caggiula in Rangers zone.
1:13 of 3rd period - Icing by Mikhail Sergachev.
1:14 of 3rd period - Seth Griffith wins face-off versus Drake Caggiula in Rangers zone.
1:23 of 3rd period - Slapshot by Dmitry Kulikov.
1:23 of 3rd period - Stopped by Robin Lehner without a rebound.
1:24 of 3rd period - Milan Lucic wins face-off versus Jean-Gabriel Pageau in Avalanche zone.
1:27 of 3rd period - Snap shot by Ryan Strome.
1:27 of 3rd period - Shot Misses the Net.
1:35 of 3rd period - Sean Couturier is hit by Rickard Rakell and loses puck.
2:18 of 3rd period - Slapshot by Cale Makar.
2:18 of 3rd period - Shot Misses the Net.
2:42 of 3rd period - Wrist shot by Andrei Kuzmenko.
2:42 of 3rd period - Shot Misses the Net.
2:44 of 3rd period - Snap shot by Jean-Gabriel Pageau.
2:44 of 3rd period - Shot Misses the Net.
2:50 of 3rd period - Slapshot by Andrei Kuzmenko.
2:50 of 3rd period - Stopped by Samuel Montembeault with a rebound.
3:06 of 3rd period - Wrist shot by Patric Hornqvist.
3:06 of 3rd period - Stopped by Samuel Montembeault without a rebound.
3:07 of 3rd period - Kyle Clifford wins face-off versus Seth Griffith in Rangers zone.
3:38 of 3rd period - Off-side.
3:39 of 3rd period - Jean-Gabriel Pageau wins face-off versus Tomas Hertl in neutral zone.
4:04 of 3rd period - Kyle Clifford is hit by Mikhail Sergachev and loses puck.
4:09 of 3rd period - Backhand shot by Viktor Arvidsson.
4:09 of 3rd period - Stopped by Robin Lehner with a rebound.
4:11 of 3rd period - Wrist shot by Viktor Arvidsson.
4:11 of 3rd period - Goal by Viktor Arvidsson - Rangers : 3 - Avalanche : 3.
4:12 of 3rd period - Sean Couturier wins face-off versus Jean-Gabriel Pageau in neutral zone.
4:16 of 3rd period - Jake McCabe is hit by Brian Dumoulin and loses puck.
4:23 of 3rd period - Snap shot by Sean Couturier.
4:23 of 3rd period - Shot Blocked by Brian Dumoulin.
4:25 of 3rd period - Slapshot by Sean Couturier.
4:25 of 3rd period - Shot Misses the Net.
4:33 of 3rd period - Minor Penalty to Brian Dumoulin for High sticking.
4:34 of 3rd period - Jean-Gabriel Pageau wins face-off versus Sean Couturier in Avalanche zone.
4:38 of 3rd period - Off-side.
4:39 of 3rd period - Jean-Gabriel Pageau wins face-off versus Sean Couturier in neutral zone.
4:46 of 3rd period - Snap shot by Kyle Clifford.
4:46 of 3rd period - Shot Misses the Net.
6:33 of 3rd period - Penalty to Brian Dumoulin is over, Brian Dumoulin is back on ice.
6:46 of 3rd period - Backhand shot by David Pope.
6:46 of 3rd period - Stopped by Robin Lehner without a rebound.
6:47 of 3rd period - Oliver Bjorkstrand wins face-off versus Joseph Blandisi in Avalanche zone.
7:19 of 3rd period - Slapshot by Brian Dumoulin.
7:19 of 3rd period - Deflect By Kyle Clifford.
7:19 of 3rd period - Goal by Kyle Clifford - Rangers : 3 - Avalanche : 4.
7:20 of 3rd period - Sean Couturier wins face-off versus Jean-Gabriel Pageau in neutral zone.
7:20 of 3rd period - Sean Couturier is hit by Jacob Slavin.
7:29 of 3rd period - Off-side.
7:30 of 3rd period - Sean Couturier wins face-off versus Jean-Gabriel Pageau in neutral zone.
7:33 of 3rd period - Jean-Gabriel Pageau is hit by Ryan Strome and loses puck.
7:48 of 3rd period - Snap shot by Andrei Kuzmenko.
7:48 of 3rd period - Stopped by Samuel Montembeault without a rebound.
7:49 of 3rd period - Bryan Little wins face-off versus Tomas Hertl in Rangers zone.
7:53 of 3rd period - Minor Penalty to Devante Smith-Pelly for Delaying the game.
7:54 of 3rd period - Sean Couturier wins face-off versus Jean-Gabriel Pageau in Rangers zone.
8:06 of 3rd period - Wrist shot by Rickard Rakell.
8:06 of 3rd period - Stopped by Samuel Montembeault with a rebound.
9:53 of 3rd period - Penalty to Devante Smith-Pelly is over, Devante Smith-Pelly is back on ice.
9:56 of 3rd period - Snap shot by Devante Smith-Pelly.
9:56 of 3rd period - Stopped by Robin Lehner with a rebound.
10:02 of 3rd period - Ryan O'Reilly is hit by David Pope and loses puck.
10:09 of 3rd period - David Pope is hit by Jack Johnson and loses puck.
10:28 of 3rd period - Wrist shot by Casey Mittelstadt.
10:28 of 3rd period - Shot Blocked by Drake Caggiula.
11:00 of 3rd period - Minor Penalty to Connor Chatam for Tripping.
11:01 of 3rd period - Jean-Gabriel Pageau wins face-off versus Sean Couturier in Rangers zone.
11:28 of 3rd period - Wrist shot by Andrei Kuzmenko.
11:28 of 3rd period - Shot Blocked by Tomas Hertl.
13:00 of 3rd period - Penalty to Connor Chatam is over, Connor Chatam is back on ice.
13:14 of 3rd period - Off-side.
13:15 of 3rd period - Tomas Hertl wins face-off versus Ryan O'Reilly in neutral zone.
13:19 of 3rd period - Off-side.
13:20 of 3rd period - Ryan O'Reilly wins face-off versus Tomas Hertl in neutral zone.
13:47 of 3rd period - Wrist shot by Jean-Gabriel Pageau.
13:47 of 3rd period - Shot Blocked by Vince Dunn.
13:49 of 3rd period - Wrist shot by Vladislav Gavrikov.
13:49 of 3rd period - Stopped by Samuel Montembeault with a rebound.
13:51 of 3rd period - Slapshot by Vladislav Gavrikov.
13:51 of 3rd period - Shot Misses the Net.
13:53 of 3rd period - Slapshot by Jordan Schmaltz.
13:53 of 3rd period - Stopped by Samuel Montembeault without a rebound.
13:54 of 3rd period - Sean Couturier wins face-off versus Bryan Little in Rangers zone.
14:03 of 3rd period - Snap shot by Nick Cousins.
14:03 of 3rd period - Stopped by Samuel Montembeault without a rebound.
14:04 of 3rd period - Sean Couturier wins face-off versus Bryan Little in Rangers zone.
14:20 of 3rd period - Icing by Jacob Slavin.
14:21 of 3rd period - Tomas Hertl wins face-off versus Bryan Little in Avalanche zone.
14:50 of 3rd period - Snap shot by Nick Cousins.
14:50 of 3rd period - Shot Blocked by Cale Makar.
14:52 of 3rd period - Slapshot by Jacob Slavin.
14:52 of 3rd period - Stopped by Samuel Montembeault without a rebound.
14:53 of 3rd period - Jean-Gabriel Pageau wins face-off versus Sean Couturier in Rangers zone.
14:54 of 3rd period - Snap shot by Andrei Kuzmenko.
14:54 of 3rd period - Shot Misses the Net.
15:00 of 3rd period - Snap shot by Ryan Strome.
15:00 of 3rd period - Shot Blocked by David Rundblad.
15:02 of 3rd period - Wrist shot by Milan Lucic.
15:02 of 3rd period - Shot Misses the Net.
15:04 of 3rd period - Wrist shot by Milan Lucic.
15:04 of 3rd period - Stopped by Robin Lehner with a rebound.
15:06 of 3rd period - Snap shot by Sean Couturier.
15:06 of 3rd period - Stopped by Robin Lehner without a rebound.
15:07 of 3rd period - Ryan O'Reilly wins face-off versus Casey Mittelstadt in Avalanche zone.
15:07 of 3rd period - Ryan O'Reilly is hit by Ondrej Palat.
15:14 of 3rd period - Slapshot by Cale Makar.
15:14 of 3rd period - Stopped by Robin Lehner without a rebound.
15:15 of 3rd period - Casey Mittelstadt wins face-off versus Ryan O'Reilly in Avalanche zone.
15:27 of 3rd period - Minor Penalty to Brian Dumoulin for Roughing.
15:28 of 3rd period - Sean Couturier wins face-off versus Ryan O'Reilly in Avalanche zone.
15:38 of 3rd period - Snap shot by Devante Smith-Pelly.
15:38 of 3rd period - Stopped by Robin Lehner without a rebound.
15:39 of 3rd period - Sean Couturier wins face-off versus Jean-Gabriel Pageau in Avalanche zone.
15:42 of 3rd period - Wrist shot by Sean Couturier.
15:42 of 3rd period - Goal by Sean Couturier - Rangers : 4 - Avalanche : 4.
15:43 of 3rd period - Ryan O'Reilly wins face-off versus Casey Mittelstadt in neutral zone.
15:50 of 3rd period - Snap shot by Ryan O'Reilly.
15:50 of 3rd period - Stopped by Samuel Montembeault without a rebound.
15:51 of 3rd period - Ryan O'Reilly wins face-off versus Casey Mittelstadt in Rangers zone.
15:58 of 3rd period - Wrist shot by Ryan O'Reilly.
15:58 of 3rd period - Shot Misses the Net.
16:03 of 3rd period - Off-side.
16:04 of 3rd period - Casey Mittelstadt wins face-off versus Ryan O'Reilly in neutral zone.
16:14 of 3rd period - Icing by Anthony Duclair.
16:15 of 3rd period - Ryan O'Reilly wins face-off versus Casey Mittelstadt in Avalanche zone.
16:47 of 3rd period - Jack Johnson is hit by Cale Makar.
16:53 of 3rd period - Slapshot by Anthony Duclair.
16:53 of 3rd period - Deflect By Patric Hornqvist.
16:53 of 3rd period - Stopped by Samuel Montembeault with a rebound.
16:55 of 3rd period - Slapshot by Jacob Slavin.
16:55 of 3rd period - Stopped by Samuel Montembeault with a rebound.
16:57 of 3rd period - Slapshot by Jacob Slavin.
16:57 of 3rd period - Shot Blocked by Oliver Bjorkstrand.
16:59 of 3rd period - Slapshot by Jacob Slavin.
16:59 of 3rd period - Stopped by Samuel Montembeault without a rebound.
17:00 of 3rd period - Seth Griffith wins face-off versus Drake Caggiula in Rangers zone.
17:28 of 3rd period - Slapshot by Andrei Kuzmenko.
17:28 of 3rd period - Stopped by Samuel Montembeault without a rebound.
17:29 of 3rd period - Jean-Gabriel Pageau wins face-off versus Sean Couturier in Rangers zone.
19:37 of 3rd period - Slapshot by David Pope.
19:37 of 3rd period - Shot Misses the Net.
Goals for this period are 2 for Rangers vs 1 for Avalanche.
Shots for this period are 10 for Rangers vs 14 for Avalanche.
Overtime #1
0:01 of 1st overtime period - Jean-Gabriel Pageau wins face-off versus Sean Couturier in neutral zone.
0:08 of 1st overtime period - Snap shot by Jean-Gabriel Pageau.
0:08 of 1st overtime period - Goal by Jean-Gabriel Pageau - Rangers : 4 - Avalanche : 5.
Goals for this period are 0 for Rangers vs 1 for Avalanche.
Shots for this period are 0 for Rangers vs 1 for Avalanche.